 Dungeon Crawl Stone Soup version 0.26-a0-652-gafc20e3620 (webtiles) character file.

Game seed: 10574878821250382704

4 DoubleLucky the Caller (level 1, -1/10 HPs)
             Began as a Tengu Summoner on Oct 2, 2020.
             Slain by a hobgoblin
             ... wielding a +0 club
              (4 damage)
             ... on level 1 of the Dungeon.
             The game lasted 00:01:38 (233 turns).

DoubleLucky the Caller (Tengu Summoner)              Turns: 233, Time: 00:01:39

Health: -1/10      AC:  2    Str:  8    XL:     1   Next: 70%
Magic:  3/4        EV: 12    Int: 15    God:
Gold:   10         SH:  0    Dex: 14    Spells: 3/4 levels left

rFire    . . .     SeeInvis .   (no weapon)
rCold    . . .     Faith    .   (no shield)
rNeg     . . .     Spirit   .   a - +0 robe
rPois    .         Reflect  .   (helmet restricted)
rElec    .         Harm     .   (no cloak)
rCorr    .         Rampage  .   (no gloves)
MR       .....                  (boots unavailable)
Stlth    ++........             (no amulet)
HPRegen  0.03/turn              (no ring)
MPRegen  0.09/turn              (no ring)

@: no status effects
A: beak, talons 3
a: no special abilities


You were on level 1 of the Dungeon.
You visited 1 branch of the dungeon, and saw 1 of its levels.

You collected 10 gold pieces.

Inventory:

Armour
 a - a +0 robe (worn)
Scrolls
 b - a scroll of remove curse {unknown}


   Skills:
 + Level 2.1 Dodging
 + Level 2.0 Stealth
 + Level 2.0 Spellcasting
 + Level 5.0 Summonings


You had 3 spell levels left.
You knew the following spells:

 Your Spells              Type           Power        Failure   Level
a - Summon Small Mammal   Summ           ###.         2%          1

Your spell library contained the following spells:

 Spells                   Type           Power        Failure   Level
 Call Imp                 Summ           ###.....     4%          2
 Call Canine Familiar     Summ           ###.....     9%          3
 Summon Guardian Golem    Hex/Summ       #.......     24%         3
 Summon Ice Beast         Ice/Summ       #.......     61%         4
 Summon Lightning Spire   Summ/Air       #.......     61%         4


Dungeon Overview and Level Annotations

Branches:
Dungeon (1/15)

Altars:


Innate Abilities, Weirdness & Mutations

You have a beak for a mouth.
You have claws for feet.


Message History

You hit the hobgoblin but do no damage.
The hobgoblin is almost dead.
The hobgoblin hits you with a +0 club.
Your quokka closely misses the hobgoblin.
The kobold hits you.
* * * LOW HITPOINT WARNING * * *
You barely miss the hobgoblin.
The hobgoblin is almost dead.
Your quokka barely misses the hobgoblin.
The hobgoblin hits you but does no damage.
The kobold hits you but does no damage.
You hit the hobgoblin but do no damage.
The hobgoblin is almost dead.
Your quokka bites the hobgoblin but does no damage.
The hobgoblin barely misses you.
Your quokka closely misses the hobgoblin.
The kobold hits you.
* * * LOW HITPOINT WARNING * * *
The hobgoblin hits you with a +0 club.
You die...

..♣♣♣.# #.#.
.∩♣♣..# #.#.##
∩♣♣♣.## #.#..#
♣♣♣..# #.##.#
♣..#.########.##.#
..⌠...........##.##
....#########.....#
#### ####..## #@K?#
# #g#'#.##...
#r.........
#.....##### #(....#
#....>... #....####
#....# #....#


You could see a hobgoblin, a kobold and a friendly quokka (summoned).

Vanquished Creatures (collateral kills)
  4 jackals (D:1)
  A frilled lizard (D:1)
  2 rats (D:1)
7 creatures vanquished.

Notes
Turn   | Place    | Note
-------+----------+-------------------------------------------
     0 | D:1      | DoubleLucky the Tengu Summoner began the quest for the Orb.
     0 | D:1      | Reached XP level 1. HP: 10/10 MP: 4/4
    73 | D:1      | Reached skill level 5 in Summonings
   233 | D:1      | Slain by a hobgoblin

Illustrated notes

Levels and vault maps discovered:
D:1:      heliophobic_arrival_henge, layout_basic

Skill      XL: |  1 |
---------------+----+-----
Summonings     | 5 |  5.0
Dodging        | |  2.1
Stealth        | |  2.0
Spellcasting   | |  2.0

Action                   || total
-------------------------++-------
Melee: Unarmed           ||     7
 Cast: Summon Small Mamm ||    12
Armor: Robe              ||     2
Dodge: Dodged            ||     7

Table legend: (Time is in decaauts)
 A = Elapsed time spent in this place.
 B = Non-inter-level travel time spent in this place.
 C = Inter-level travel time spent in this place.
 D = Time resting spent in this place.
 E = Time spent auto-exploring this place.
 F = Levels seen in this place.
 G = Mean time per level.
                   A        B        C        D        E       F      G
               +--------+--------+--------+--------+--------+-----+--------+
         Total |    233 |    233 |      0 |      0 |    112 |   1 |  233.0 |
       Dungeon |    233 |    233 |      0 |      0 |    112 |   1 |  233.0 |
               +--------+--------+--------+--------+--------+-----+--------+

Top non-repeatable levels by time:
     D:1: 233 daAuts
